 Dungeon Crawl Stone Soup version 0.28.0-43-g3370ac3207 (webtiles) character file.

Game seed: 11868735926841486001

31562 Peloso the Fencer (level 13, -3/122 HPs)
             Began as a Minotaur Fighter on Mar 21, 2022.
             Was the Champion of Okawaru.
             Slain by a two-headed ogre
             ... wielding a +0 giant club
              (8 damage)
             ... on level 1 of the Orcish Mines.
             The game lasted 00:31:38 (20128 turns).

Peloso the Fencer (Minotaur Fighter)               Turns: 20128, Time: 00:31:39

Health: -3/122     AC: 32    Str: 23    XL:     13   Next: 26%
Magic:  13/13      EV:  8    Int:  5    God:    Okawaru [******]
Gold:   2645       SH:  6    Dex: 13    Spells: 12/12 levels left

rFire   . . .      SeeInvis .   a - +2 double sword (protect)
rCold   . . .      Faith    +   c - +0 buckler
rNeg    . . .      Spirit   .   i - +1 plate armour
rPois   .          Reflect  .   B - +2 hat {Stlth+}
rElec   .          Harm     .   D - +0 cloak
rCorr   .          Rampage  .   k - +2 pair of gloves
Will    .....                   p - +0 pair of boots
Stlth   ..........              y - amulet of faith
HPRegen 0.30/turn               (no ring)
MPRegen 0.13/turn               (no ring)

@: under a protective aura, studying Maces & Flails
A: horns 2, retaliatory headbutt
a: Renounce Religion, Heroism, Finesse, Duel


You were on level 1 of the Orcish Mines.
You worshipped Okawaru.
Okawaru was exalted by your worship.
You visited 4 branches of the dungeon, and saw 16 of its levels.
You also visited: Bailey.

You collected 3291 gold pieces.
You spent 646 gold pieces at shops.

Inventory:

Hand Weapons
 a - a +2 double sword of protection (weapon)
 b - a +0 long sword of flaming
 s - the +12 spear of Kismet {pain, rPois Int+2}
   (You found it on level 4 of the Dungeon)

   In the hands of one skilled in necromantic magic, it inflicts extra damage on
   living creatures.
   Int:       It affects your intelligence (+2).
   rPois:     It protects you from poison.
 w - the +7 spear "Gaoschou" {freeze, +Blink rF- rCorr Dex+2}
   (You found it in a bailey)

   It freezes those it strikes, dealing additional cold damage.
   It can also slow down cold-blooded creatures.
   Dex:       It affects your dexterity (+2).
   rF:        It makes you vulnerable to fire.
   +Blink:    It lets you blink.
   rCorr:     It protects you from acid and corrosion.
Missiles
 I - 2 throwing nets (quivered)
Armour
 c - a +0 buckler (worn)
 e - the +1 steam dragon scales "Piff" {rCorr}
   (Okawaru gifted it to you on level 8 of the Dungeon)

   rCorr:     It protects you from acid and corrosion.
 i - a +1 plate armour (worn)
 k - a +2 pair of gloves (worn)
 o - the +0 plate armour of Ybolitism {Stlth+}
   (You found it in a bailey)

   Stlth:     It makes you more stealthy.
 p - a +0 pair of boots (worn)
 B - a +2 hat of stealth (worn)
 D - a +0 cloak (worn)
Jewellery
 y - an amulet of faith (around neck)
 C - a ring of willpower
 E - a ring of positive energy
 H - a ring of ice
 M - a ring of fire
 S - the ring of the Hare {EV+8}
   (You found it on level 11 of the Dungeon)

   [ring of evasion]

   EV:        It affects your evasion (+8).
 T - a ring of flight
 U - a ring of protection from fire
Wands
 A - a wand of polymorph (2)
 J - a wand of digging (15)
 L - a wand of acid (4)
 N - a wand of iceblast (3)
Scrolls
 g - 3 scrolls of brand weapon
 l - a scroll of blinking
 m - 5 scrolls of teleportation
 n - a scroll of acquirement
 r - a scroll of torment
 x - 2 scrolls of amnesia
 z - 2 scrolls of enchant armour
 F - a scroll of enchant weapon
 G - 2 scrolls of silence {unknown}
 K - a scroll of magic mapping
 P - 2 scrolls of fear
 R - a scroll of identify
Potions
 d - a potion of might
 f - 6 potions of curing
 h - 5 potions of haste
 j - 2 potions of heal wounds
 q - a potion of magic
 t - 2 potions of flight
 u - 3 potions of lignification {unknown}
 v - 3 potions of brilliance {unknown}
 Q - a potion of ambrosia {unknown}
Miscellaneous
 O - a box of beasts


   Skills:
 + Level 13.1 Fighting
 + Level 16.8 Long Blades
 + Level 4.2 Polearms
 + Level 13.4 Armour
 + Level 2.3 Dodging
 + Level 1.6 Stealth
 + Level 10.0 Shields
 + Level 2.5 Invocations
 + Level 1.1 Evocations


You had 12 spell levels left.
You didn't know any spells.
Your spell library contained the following spells:

 Spells                   Type           Power      Damage    Failure   Level
 Beastly Appendage        Tmut           0%         N/A       99%         1
 Foxfire                  Conj/Fire      0%         2x1d4     99%         1
 Magic Dart               Conj           0%         1d3       99%         1
 Pain                     Necr           0%         1d4       99%         1
 Ensorcelled Hibernation  Hex/Ice        0%         N/A       100%        2
 Passwall                 Tmut/Erth      0%         N/A       100%        2
 Wereblood                Tmut           0%         N/A       100%        2
 Conjure Flame            Conj/Fire      0%         6-21      100%        3
 Inner Flame              Hex/Fire       0%         N/A       100%        3
 Mephitic Cloud           Conj/Pois/Air  0%         N/A       100%        3
 Ozocubu's Armour         Ice            0%         N/A       100%        3
 Portal Projectile        Hex/Tloc       0%         N/A       100%        3
 Spider Form              Tmut/Pois      0%         N/A       100%        3
 Swiftness                Air            0%         N/A       100%        3
 Flame Wave               Conj/Fire      0%         2d4       100%        4
 Leda's Liquefaction      Hex/Erth       0%         N/A       100%        4
 Passage of Golubria      Tloc           0%         N/A       100%        4
 Agony                    Necr           0%         N/A       100%        5
 Excruciating Wounds      Necr           0%         N/A       100%        5
 Yara's Violent Unravell  Hex/Tmut       0%         3d3       100%        5
 Ozocubu's Refrigeration  Ice            0%         4d5       100%        7
 Call Imp                 Summ           Unusable   N/A       N/A         2
 Call Canine Familiar     Summ           Unusable   N/A       N/A         3
 Tukima's Dance           Hex            Unusable   N/A       N/A         3

Dungeon Overview and Level Annotations

Branches:
Dungeon (11/15)            Temple (1/1) D:4            Lair (3/6) D:10
 Shoals (0/4) Lair:2       Spider (0/4) Lair:3          Orc (1/2) D:9
 Bailey (visited)

Altars:
Ashenzari
Dithmenos
Fedhas
Gozag
Kikubaaqudgha
Makhleb
Okawaru
Qazlal
Ru
Trog
Vehumet
Wu Jian
Xom
Yredelemnul
Zin

Shops:
D:9 *


Innate Abilities, Weirdness & Mutations

You have a pair of horns on your head.
You reflexively headbutt those who attack you in melee.


Message History

The orc warrior closely misses you.
The two-headed ogre hits you with a +0 giant club.
* * * LOW HITPOINT WARNING * * *
The two-headed ogre barely misses you.
The orc warrior hits you but does no damage.
You hit the two-headed ogre but do no damage.
Your headbutt misses the two-headed ogre.
The two-headed ogre is moderately wounded.
The orc warrior hits you but does no damage.
Unknown command.
You slice the two-headed ogre!!
The two-headed ogre is severely wounded.
The orc warrior hits you from afar with a +0 halberd.
* * * LOW HITPOINT WARNING * * *
The two-headed ogre hits you with a +0 giant club.
* * * LOW HITPOINT WARNING * * *
The two-headed ogre closely misses you.
The orc warrior hits you from afar with a +0 trident.
* * * LOW HITPOINT WARNING * * *
You barely miss the two-headed ogre. You headbutt the two-headed ogre!
The two-headed ogre is almost dead.
The orc warrior hits you but does no damage.
The two-headed ogre hits you but does no damage.
The two-headed ogre hits you with a +0 dire flail!
* * * LOW HITPOINT WARNING * * *
Unknown command.
You barely miss the two-headed ogre.
You headbutt the two-headed ogre, but do no damage.
The two-headed ogre is almost dead.
The orc warrior hits you but does no damage.
The orc warrior hits you from afar with a +0 halberd.
* * * LOW HITPOINT WARNING * * *
Unknown command.
You hit the two-headed ogre.
The two-headed ogre is almost dead.
The orc warrior hits you from afar with a +0 trident!
* * * LOW HITPOINT WARNING * * *
The two-headed ogre hits you but does no damage.
The two-headed ogre hits you with a +0 dire flail!
You die... .#...........# .............# .............## #.............# .#...##.......## . ...............## Oo ))........).....# .OO

.).....#...#....#### ..O.
........#####...@#.#.....
##).#....# ###.#O..#..OO
#...#.^...# ##.oo...#
..)......## #..........
....#....# ##.....$...
#....#....# #.........
##......... #....#....
##.##.##.## .....#....
### ## ...... .#.


You could see a two-headed ogre and 2 orc warriors.

Vanquished Creatures
  Josephine (D:10)
  5 hydras
  An ogre mage (Orc:1)
  3 death yaks (D:10)
  5 two-headed ogres
  Sonja (D:10)
  Urug (D:10)
  An orc sorcerer (Orc:1)
  2 unseen horrors
  4 cane toads
  3 komodo dragons (Lair:2)
  2 rime drakes (Lair:3)
  2 trolls
  12 blink frogs
  A meliai zombie (D:11)
  29 yaks
  6 wraiths
  A shadow (D:7)
  2 vampires (D:10)
  A wyvern (D:9)
  Eustachio (D:6)
  A steam dragon (D:7)
  4 vampire mosquitoes (D:6)
  11 water moccasins
  A hornet zombie (D:8)
  10 orc warriors
  4 sky beasts
  3 ice beasts
  5 ogres
  3 black bears
  3 necrophages
  9 centaurs
  10 kobold brigands
  10 bullfrogs
  A gnoll sergeant (Orc:1)
  4 scorpions
  A water moccasin zombie (D:6)
  2 wyvern skeletons (D:7)
  A water moccasin skeleton (D:7)
  4 killer bees (D:10)
  3 wights
  5 howler monkeys
  An electric eel (Lair:1)
  10 centaur zombies
  5 jellies
  2 hounds (D:5)
  9 orc priests
  A bullfrog skeleton (D:7)
  2 gnoll shamans
  A human zombie (D:8)
  Jessica (D:3)
  A centaur skeleton (D:7)
  12 orc wizards
  2 hell rats (D:10)
  A mummy (D:8)
  A howler monkey zombie (D:8)
  Robin (D:2)
  8 gnolls
  4 adders
  A river rat (D:10)
  5 white imps
  An ufetubus (D:5)
  An adder skeleton (D:4)
  A worm (D:2)
  A dart slug (D:2)
  22 orcs
  8 endoplasms
  7 giant cockroaches
  17 goblins
  11 hobgoblins
  32 kobolds
  3 quokkas
  9 ball pythons
  4 bats
  8 frilled lizards
  5 rats
377 creatures vanquished.

Vanquished Creatures (others)
  10 fungi
  19 plants
29 creatures vanquished.

Grand Total: 406 creatures vanquished

Notes
Turn   | Place    | Note
-------+----------+-------------------------------------------
     0 | D:1      | Peloso the Minotaur Fighter began the quest for the Orb.
     0 | D:1      | Reached XP level 1. HP: 19/19 MP: 0/0
   108 | D:1      | HP: 1/20 [frozen (5)]
   132 | D:1      | Reached XP level 2. HP: 4/27 MP: 1/1
   566 | D:1      | Found a faded altar of an unknown god.
  1058 | D:2      | Reached XP level 3. HP: 33/33 MP: 2/2
  1474 | D:2      | Noticed Robin
  1497 | D:2      | Reached skill level 3 in Long Blades
  1505 | D:2      | Killed Robin
  1506 | D:2      | Reached XP level 4. HP: 12/40 MP: 3/3
  1916 | D:3      | Noticed Jessica
  1928 | D:3      | Killed Jessica
  2304 | D:3      | You fall into a shaft and drop 1 floor!
  2486 | D:3      | Reached XP level 5. HP: 39/47 MP: 4/4
  2690 | D:3      | Found a radiant altar of Vehumet.
  2745 | D:3      | Found a broken altar of Ashenzari.
  3386 | D:4      | Found a staircase to the Ecumenical Temple.
  3395 | Temple   | Entered the Ecumenical Temple
  3523 | Temple   | Became a worshipper of Warmaster Okawaru
  3619 | D:4      | Noticed an ogre
  3629 | D:4      | Killed an ogre
  3630 | D:4      | Reached skill level 4 in Long Blades
  3630 | D:4      | Reached skill level 5 in Armour
  3862 | D:4      | Noticed a water moccasin
  3871 | D:4      | Killed a water moccasin
  3871 | D:4      | Reached * piety under Okawaru
  3872 | D:4      | Reached skill level 5 in Long Blades
  3872 | D:4      | Reached XP level 6. HP: 52/55 MP: 5/5
  4024 | D:4      | Reached skill level 5 in Fighting
  4119 | D:4      | Reached skill level 6 in Long Blades
  4119 | D:4      | Reached skill level 5 in Shields
  4119 | D:4      | Reached XP level 7. HP: 57/61 MP: 6/6
  4193 | D:4      | Found a bloodstained altar of Trog.
  4482 | D:4      | Reached skill level 1 in Dodging
  4617 | D:4      | Identified the +12 spear of Kismet {pain, rPois Int+2}
  4626 | D:5      | Entered Level 5 of the Dungeon
  4740 | D:5      | Reached ** piety under Okawaru
  4741 | D:5      | Reached skill level 7 in Long Blades
  5321 | D:5      | Reached XP level 8. HP: 70/70 MP: 7/7
  5672 | D:5      | Reached skill level 8 in Long Blades
  6089 | D:6      | Noticed Eustachio
  6121 | D:6      | Reached skill level 9 in Long Blades
  6126 | D:6      | Killed Eustachio
  6126 | D:6      | Reached *** piety under Okawaru
  6797 | D:6      | Reached XP level 9. HP: 72/75 MP: 8/8
  6819 | D:6      | Reached skill level 10 in Long Blades
  7303 | D:7      | Reached **** piety under Okawaru
  7319 | D:7      | Reached skill level 11 in Long Blades
  7541 | D:7      | Reached skill level 12 in Long Blades
  7558 | D:7      | Reached ***** piety under Okawaru
  7568 | D:6      | Identified 4 scrolls of acquirement
  7579 | D:6      | Reached XP level 10. HP: 10/86 MP: 9/9
  7582 | D:6      | Acquired 888 gold pieces
  7931 | D:7      | Found a sacrificial altar of Ru.
  8825 | D:8      | Identified the +1 steam dragon scales "Piff" {rCorr}
                  | (Okawaru gifted it to you on level 8 of the Dungeon)
  8825 | D:8      | Received a gift from Okawaru
  8921 | D:8      | Found a blossoming altar of Fedhas.
  8921 | D:8      | Found a shimmering altar of Xom.
  9129 | D:8      | Found an ancient bone altar of Kikubaaqudgha.
  9149 | D:8      | Identified the +4 glaive of Pride {vamp, Stlth+}
  9250 | D:8      | Reached skill level 13 in Long Blades
  9616 | D:8      | Reached skill level 10 in Armour
 10574 | D:9      | Reached skill level 1 in Stealth
 10604 | D:9      | Found a staircase to the Orcish Mines.
 10696 | D:9      | Found a flagged portal.
 10703 | Bailey   | Entered a bailey
 11042 | Bailey   | Acquired 946 gold pieces
 11147 | Bailey   | Acquired a +2 double sword of protection
 11297 | Bailey   | Reached skill level 1 in Invocations
 11564 | Bailey   | Found a bloodstained altar of Trog.
 11572 | Bailey   | Identified the +0 plate armour of Ybolitism {Stlth+}
 11582 | Bailey   | Identified the +7 spear "Gaoschou" {freeze, +Blink rF-
                  | rCorr Dex+2}
 11659 | D:9      | Reached XP level 11. HP: 92/97 MP: 11/11
 11668 | D:9      | Reached skill level 1 in Evocations
 11795 | D:9      | Received a gift from Okawaru
 11994 | D:9      | Reached skill level 14 in Long Blades
 11996 | D:9      | Found Nets's Overcharged Wands.
 12004 | D:9      | Bought a wand of digging (15) for 646 gold pieces
 12106 | D:10     | Entered Level 10 of the Dungeon
 12294 | D:10     | Noticed Sonja
 12312 | D:10     | Killed Sonja
 12722 | D:10     | Noticed Urug
 12738 | D:10     | Killed Urug
 12958 | D:10     | Noticed a death yak
 12977 | D:10     | Killed a death yak
 12982 | D:10     | Noticed a death yak
 12983 | D:10     | Noticed a death yak
 13000 | D:10     | Killed a death yak
 13001 | D:10     | Reached skill level 10 in Fighting
 13008 | D:10     | Killed a death yak
 13229 | D:10     | Found a staircase to the Lair.
 13320 | D:10     | Reached skill level 15 in Long Blades
 13512 | D:10     | Noticed Josephine
 13526 | D:10     | Killed Josephine
 13544 | D:10     | Received a gift from Okawaru
 13766 | D:10     | Noticed a two-headed ogre
 13781 | D:10     | Killed a two-headed ogre
 13784 | D:10     | Reached XP level 12. HP: 81/108 MP: 9/12
 14074 | Lair:1   | Entered Level 1 of the Lair of Beasts
 14280 | Lair:1   | Noticed a four-headed hydra
 14327 | Lair:1   | Killed a four-headed hydra
 14328 | Lair:1   | Reached skill level 16 in Long Blades
 14898 | Lair:1   | Reached ****** piety under Okawaru
 15819 | Lair:2   | Identified the +4 ring mail of Dowdy Awe {Harm Str+3 Dex+3}
                  | (Okawaru gifted it to you on level 2 of the Lair of Beasts)
 15819 | Lair:2   | Received a gift from Okawaru
 15897 | Lair:2   | Noticed a seven-headed hydra
 16271 | Lair:2   | Found a staircase to the Shoals.
 16509 | Lair:2   | Killed a seven-headed hydra
 16510 | Lair:2   | Reached skill level 1 in Polearms
 16991 | Lair:3   | Noticed a seven-headed hydra
 17007 | Lair:3   | Killed a seven-headed hydra
 17304 | Lair:3   | Found a hole to the Spider Nest.
 17469 | Lair:3   | Noticed a six-headed hydra
 17472 | Lair:3   | Noticed a seven-headed hydra
 17485 | Lair:3   | Killed a six-headed hydra
 17495 | Lair:3   | Killed a seven-headed hydra
 18098 | Lair:3   | Received a gift from Okawaru
 18605 | D:11     | Found the ring of the Hare {EV+8}
 18802 | D:11     | Reached XP level 13. HP: 113/119 MP: 13/13
 18878 | D:11     | Identified the +5 long sword "Dileval" {vorpal, Contam
                  | Will+ Int+4}
 19717 | Orc:1    | Entered Level 1 of the Orcish Mines
 20121 | Orc:1    | Identified the +1 chain mail "Acle" {Will+++ Regen+ MP-9
                  | SInv} (Okawaru gifted it to you on level 1 of the Orcish
                  | Mines)
 20121 | Orc:1    | Received a gift from Okawaru
 20122 | Orc:1    | Reached skill level 10 in Shields
 20128 | Orc:1    | HP: 5/122 [orc warrior/+0 trident (9)]
 20128 | Orc:1    | Slain by a two-headed ogre

Illustrated notes

Levels and vault maps discovered:
D:1:      amcnicky_arrival_blooded_trapdoor, layout_basic,
          basic_ecumenical_altar, nicolae_concentric_dashed_squares_mild,
          minmay_pentomino_o4
D:2:      layout_rooms, grunt_ministairs_5, minmay_distorted, uniq_robin
D:3:      layout_basic, mainiacjoe_overflow_24_doors, vehumet_crystals,
          minmay_puff, uniq_jessica
D:4:      layout_loops_corners, kennysheep_mini_moat,
          minmay_temple_entry_crystal_x, minmay_manual_maat
D:5:      layout_basic
D:6:      layout_basic, feat_on_display, uniq_eustachio
D:7:      layout_layer_cave, nicolae_ru_awakened_eye, minmay_alternating_orb
D:8:      layout_basic, lemuel_mausoleum_altar_kikubaaqudgha,
          gammafunk_temple_overflow_wave, nicolae_figureground_pulse
D:9:      layout_small_grid, david_orc_3, enter_bailey_5,
          nicolae_shop_overcharged_wands
D:10:     layout_basic, dpeg_lair_monsters, st_stairs_2, uniq_urug, uniq_sonja,
          uniq_josephine
D:11:     layout_gridville
Temple:   regret_index_temple_generic_petals
Lair:1:   layout_chaotic_city, lemuel_fruit_tree, infiniplex_staircase_pool
Lair:2:   layout_gridlike, minmay_shoals_entry_centaurs
Lair:3:   layout_gridlike, spider_nest_entry_web_field
Orc:1:    layout_caves, basic_altar

Skill      XL: |  1  2  3  4  5  6  7  8  9 10 11 12 13 |
---------------+----------------------------------------+-----
Fighting       | 4 5 6 7 9 10 12 13 | 13.1
Shields        | 4 5 6 7 8 9 10 | 10.0
Armour         | 4 5 6 8 9 10 11 12 13 | 13.4
Long Blades    | 3 5 6 7 9 12 13 15 16 | 16.8
Dodging        | 1 2 |  2.3
Stealth        | 1 |  1.6
Invocations    | 1 2 |  2.5
Evocations     | 1 |  1.1
Polearms       | 4 |  4.2

Action                   |  1- 3 |  4- 6 |  7- 9 | 10-12 | 13-15 || total
-------------------------+-------+-------+-------+-------+-------++-------
Melee: Long sword        |   119 |   123 |   269 |   267 |       ||   778
       Headbutt          |    13 |    15 |    58 |   192 |    25 ||   303
       Double sword      |       |       |       |   444 |   100 ||   544
       Spear             |       |       |       |    59 |       ||    59
Invok: Heroism           |       |       |     1 |    19 |     1 ||    21
Evoke: Wand              |       |       |       |     9 |       ||     9
  Use: Potion            |     2 |       |     4 |     1 |       ||     7
       Scroll            |       |       |       |    25 |       ||    25
Armor: Scale mail        |    41 |       |       |       |       ||    41
       Plate armour      |    71 |    88 |   220 |   612 |    71 ||  1062
Dodge: Dodged            |    48 |    43 |    97 |   242 |    34 ||   464
Block: Buckler           |    35 |    18 |    78 |   234 |    32 ||   397
